Connexion

LOS ANGELES Kings vs ANAHEIM Ducks (R5)

Created - 17 novembre 2023 at 08:17

Goals
1 2 3 T
LOS ANGELES Kings 2 2 3 7
ANAHEIM Ducks 0 3 3 6
Shots
1 2 3 T
LOS ANGELES Kings 12 8 14 34
ANAHEIM Ducks 8 13 9 30

GoalsPenalties
1st period
1. LOS ANGELES Kings , Brayden Schenn 16 (Jonathan Drouin 20, Mats Zuccarello 22) at 9:31
2. LOS ANGELES Kings , Nick Bonino 1 (Adam Fox 23, Nicolas Roy 15) at 12:21 (PP)
Aaron Ekblad (L.A) for Roughing (Minor) at 0:10
Brayden Schenn (L.A) for Holding Stick (Minor) at 2:42
Alexis Lafreniere (ANA) for Tripping (Minor) at 3:31
Nick Foligno (L.A) for Interference (Minor) at 6:32
Justin Holl (ANA) for Interference (Minor) at 10:54
David Savard (ANA) for Hooking (Minor) at 11:17
Brayden Schenn (L.A) for Charging (Minor) at 11:17
Andrew Mangiapane (ANA) for Slashing (Minor) at 15:27
Derek Forbort (L.A) for High sticking (Minor) at 15:27
Justin Holl (ANA) for Tripping (Minor) at 16:08
Caleb Jones (ANA) for Hooking (Minor) at 17:27
2nd period
3. LOS ANGELES Kings , Jordan Staal 7 (Chandler Stephenson 9, Nick Foligno 6) at 5:35 (PP)
4. ANAHEIM Ducks , Gustav Forsling 5 (Andrew Mangiapane 25, Colton Sissons 8) at 7:12 (PP)
5. LOS ANGELES Kings , Jesse Ylonen 5 (Derek Forbort 9) at 9:13
6. ANAHEIM Ducks , Caleb Jones 4 (Evan Rodrigues 18, David Savard 22) at 11:58 (PP)
7. ANAHEIM Ducks , Ondrej Kase 11 (David Savard 23, Andrew Mangiapane 26) at 16:25 (PP)
Elias Lindholm (ANA) for Hooking (Minor) at 4:36
Derek Forbort (L.A) for Hooking (Minor) at 6:56
Nick Foligno (L.A) for High sticking (Minor) at 11:34
Colton Sissons (ANA) for Hooking (Minor) at 13:13
Zack Kassian (L.A) for Holding (Minor) at 15:23
Aaron Ekblad (L.A) for Hooking (Minor) at 19:01
3rd period
8. ANAHEIM Ducks , Elias Lindholm 14 (Andrew Mangiapane 27, Daniel Sprong 5) at 2:04
9. ANAHEIM Ducks , Ondrej Kase 12 (Colton Sissons 9) at 3:42 (PP)
10. LOS ANGELES Kings , Mats Zuccarello 19 (Jonathan Drouin 21, Adam Fox 24) at 11:21
11. ANAHEIM Ducks , Evan Rodrigues 19 (Alexis Lafreniere 19, David Savard 24) at 17:48 (PP)
12. LOS ANGELES Kings , Brayden Schenn 17 (Mats Zuccarello 23, Adam Fox 25) at 19:34
13. LOS ANGELES Kings , Axel Jonsson Fjallby 1 (Adam Fox 26, Ryan Poehling 4) at 19:58
Brayden Schenn (L.A) for Hooking (Minor) at 2:32
David Savard (ANA) for High sticking (Minor) at 6:57
Thomas Chabot (L.A) for High sticking (Minor) at 12:42
Dylan Demelo (ANA) for Interference (Minor) at 15:05
Zack Kassian (L.A) for Holding (Minor) at 17:18
Goalie Stats
Samuel Montembeault (L.A), 24 saves from 30 shots - (0,800), W, 13-16-2, 59:56 minutes
Kaapo Kahkonen (ANA), 27 saves from 34 shots - (0,794), L, 2-6-4, 60:00 minutes
3 StarsOfficial
1 - Adam Fox (L.A)
2 - Mats Zuccarello (L.A)
3 - Jonathan Drouin (L.A)
Referees : Tim Peel and Ian Walsh
Linesman : Andy McElman and Scott Cherrey
Game Note
No Game Note
Finance
Level 1 -- Attendance: 3376 (56,27%) -- Ticket Income 597 552 $
Level 2 -- Attendance: 4174 (100,00%) -- Ticket Income 354 790 $
Level 3 -- Attendance: 1336 (66,80%) -- Ticket Income 93 520 $
Level 4 -- Attendance: 2276 (56,90%) -- Ticket Income 118 352 $
Luxury Box -- Attendance: 278 (27,80%) -- Ticket Income 250 200 $
Game was played at the Honda Center.
Total Attendance: 11440 (66,61%)
Total Ticket Income: 1 414 414 $
Other Income: 282 883 $
Total Income: 1 697 297 $



Team Name Goals Shots Shots Attemp Shots Blocked PIM HIT PP PK FO%
LOS ANGELES Kings 734761124252 / 8 (25%)546%
ANAHEIM Ducks 630571120285 / 10 (50%)254%

LOS ANGELES Kings
Player Name POS G A P +/- PIM HIT SHT SB MP PP MP PP SHT PK MP PK SHT FO% FOT
Aaron EkbladD0000441122:314:1014:2100% 0
Adam FoxD0444012121:315:5811:4100% 0
Arber XhekajD0001020116:530:0006:4600% 0
Axel Jonsson FjallbyLW101100104:030:0000:0000% 0
Brandon MontourD0003013022:294:4226:1100% 0
Brayden SchennC/LW/RW2023615019:185:4620:00044% 36
Chandler StephensonC/LW011-1002016:194:2110:4400% 0
Derek ForbortD011041009:490:0000:0000% 0
Jesse YlonenRW101100215:140:0000:0000% 1
Jonathan DrouinLW/RW0222022017:365:4710:0000% 1
Jordan StaalC1012026016:074:2124:58039% 23
Mats ZuccarelloLW/RW1233025021:345:4710:0000% 0
Nick BoninoC/LW1011011213:500:0007:09060% 15
Nick FolignoC/LW/RW011-1430019:484:2104:140100% 1
Nicolas RoyC011-1021020:450:0007:09050% 20
Ryan PoehlingC011100104:030:0000:00033% 6
Thomas ChabotD0000211526:425:2615:1500% 0
Zack KassianRW000142104:010:0000:0000% 0
ANAHEIM Ducks
Player Name POS G A P +/- PIM HIT SHT SB MP PP MP PP SHT PK MP PK SHT FO% FOT
Alexis LafreniereLW011-2202013:317:4210:0000% 1
Andrew MangiapaneLW0330231112:334:2400:0000% 0
Caleb JonesD101-1202224:146:1915:1500% 0
Colton SissonsC/LW/RW022-2222014:094:2413:58150% 24
Dakota JoshuaC000-1001011:201:1903:01069% 13
Daniel SprongLW/RW011-1000013:320:0003:3300% 0
David SavardD033-1471124:076:1905:0900% 0
Dylan DemeloD000-1240514:230:0003:3200% 0
Elias LindholmC/RW1010207015:297:1930:00052% 25
Evan RodriguesC/LW/RW112-1016019:516:4830:00055% 22
Gustav ForslingD101-2012122:195:4824:4000% 0
Jake EvansC/RW000-2021011:350:0004:23067% 6
Jordan OesterleD000-1022113:210:0002:2900% 0
Justin HollD000-2450021:305:4803:5300% 0
Lars EllerC/LW0000000013:240:0006:53050% 8
Lukas VejdemoC/LW/RW000-100005:360:0000:000100% 1
Ondrej KaseLW/RW202-1013017:364:2420:100100% 1
Sonny MilanoLW/RW000-1000013:020:0000:0000% 2



Play-by-Play

1st period


0:01 of 1st period - Ondrej Kase wins face-off versus Brayden Schenn in neutral zone.
0:09 of 1st period - Ondrej Kase is hit by Aaron Ekblad and loses puck.
0:10 of 1st period - Minor Penalty to Aaron Ekblad for Roughing.
0:11 of 1st period - Nick Bonino wins face-off versus Elias Lindholm in LOS ANGELES Kings zone.
1:28 of 1st period - Shot by Colton Sissons.
1:28 of 1st period - Shot Blocked by Thomas Chabot.
1:47 of 1st period - Icing by David Savard.
1:48 of 1st period - Colton Sissons wins face-off versus Jordan Staal in ANAHEIM Ducks zone.
2:13 of 1st period - Off-side.
2:14 of 1st period - Dakota Joshua wins face-off versus Jonathan Drouin in neutral zone.
2:42 of 1st period - Minor Penalty to Brayden Schenn for Holding Stick.
2:43 of 1st period - Elias Lindholm wins face-off versus Jordan Staal in LOS ANGELES Kings zone.
2:44 of 1st period - Shot by Evan Rodrigues.
2:44 of 1st period - Stopped by Samuel Montembeault without a rebound.
2:45 of 1st period - Jordan Staal wins face-off versus Elias Lindholm in LOS ANGELES Kings zone.
2:56 of 1st period - Shot by Alexis Lafreniere.
2:56 of 1st period - Stopped by Samuel Montembeault without a rebound.
2:57 of 1st period - Colton Sissons wins face-off versus Jordan Staal in LOS ANGELES Kings zone.
3:10 of 1st period - Shot by Andrew Mangiapane.
3:10 of 1st period - Shot Misses the Net.
3:12 of 1st period - Shot by David Savard.
3:12 of 1st period - Shot Misses the Net.
3:14 of 1st period - Shot by Caleb Jones.
3:14 of 1st period - Shot Blocked by Aaron Ekblad.
3:16 of 1st period - Shot by David Savard.
3:16 of 1st period - Shot Misses the Net.
3:18 of 1st period - Shot by Colton Sissons.
3:18 of 1st period - Shot Misses the Net.
3:29 of 1st period - Shot by Colton Sissons.
3:29 of 1st period - Stopped by Samuel Montembeault without a rebound.
3:30 of 1st period - Nick Bonino wins face-off versus Elias Lindholm in LOS ANGELES Kings zone.
3:30 of 1st period - Nick Bonino is hit by Justin Holl.
3:31 of 1st period - Minor Penalty to Alexis Lafreniere for Tripping.
3:32 of 1st period - Lars Eller wins face-off versus Jordan Staal in ANAHEIM Ducks zone.
3:32 of 1st period - Lars Eller is hit by Mats Zuccarello.
3:56 of 1st period - Shot by Daniel Sprong.
3:56 of 1st period - Shot Blocked by Thomas Chabot.
4:02 of 1st period - Shot by Jordan Oesterle.
4:02 of 1st period - Stopped by Samuel Montembeault with a rebound.
4:04 of 1st period - Shot by Jordan Oesterle.
4:04 of 1st period - Stopped by Samuel Montembeault without a rebound.
4:05 of 1st period - Nicolas Roy wins face-off versus Dakota Joshua in LOS ANGELES Kings zone.
4:13 of 1st period - Shot by Dakota Joshua.
4:13 of 1st period - Shot Misses the Net.
4:23 of 1st period - Shot by Dakota Joshua.
4:23 of 1st period - Shot Misses the Net.
4:45 of 1st period - Shot by Colton Sissons.
4:45 of 1st period - Stopped by Samuel Montembeault with a rebound.
5:24 of 1st period - Shot by Jonathan Drouin.
5:24 of 1st period - Shot Misses the Net.
6:32 of 1st period - Minor Penalty to Nick Foligno for Interference.
6:33 of 1st period - Nick Bonino wins face-off versus Elias Lindholm in LOS ANGELES Kings zone.
6:39 of 1st period - Icing by Alexis Lafreniere.
6:40 of 1st period - Nick Bonino wins face-off versus Elias Lindholm in ANAHEIM Ducks zone.
8:11 of 1st period - Shot by Andrew Mangiapane.
8:11 of 1st period - Shot Misses the Net.
8:34 of 1st period - Icing by Brandon Montour.
8:35 of 1st period - Dakota Joshua wins face-off versus Brayden Schenn in LOS ANGELES Kings zone.
8:50 of 1st period - Shot by Brayden Schenn.
8:50 of 1st period - Shot Blocked by Dylan Demelo.
8:59 of 1st period - Icing by Brandon Montour.
9:00 of 1st period - Brayden Schenn wins face-off versus Elias Lindholm in LOS ANGELES Kings zone.
9:00 of 1st period - Brayden Schenn is hit by Andrew Mangiapane.
9:09 of 1st period - Icing by Adam Fox.
9:10 of 1st period - Brayden Schenn wins face-off versus Colton Sissons in LOS ANGELES Kings zone.
9:31 of 1st period - Shot by Jonathan Drouin.
9:31 of 1st period - Deflect By Brayden Schenn.
9:31 of 1st period - Goal by Brayden Schenn - LOS ANGELES Kings : 1 - ANAHEIM Ducks : 0.
9:32 of 1st period - Nicolas Roy wins face-off versus Elias Lindholm in neutral zone.
9:51 of 1st period - Shot by Chandler Stephenson.
9:51 of 1st period - Shot Misses the Net.
10:02 of 1st period - Nicolas Roy is hit by David Savard and loses puck.
10:11 of 1st period - Shot by Chandler Stephenson.
10:11 of 1st period - Shot Misses the Net.
10:13 of 1st period - Shot by Chandler Stephenson.
10:13 of 1st period - Stopped by Kaapo Kahkonen without a rebound.
10:14 of 1st period - Jordan Staal wins face-off versus Evan Rodrigues in ANAHEIM Ducks zone.
10:15 of 1st period - Shot by Jesse Ylonen.
10:15 of 1st period - Stopped by Kaapo Kahkonen without a rebound.
10:16 of 1st period - Jordan Staal wins face-off versus Evan Rodrigues in ANAHEIM Ducks zone.
10:29 of 1st period - Shot by Jordan Staal.
10:29 of 1st period - Stopped by Kaapo Kahkonen with a rebound.
10:31 of 1st period - Shot by Derek Forbort.
10:31 of 1st period - Shot Misses the Net.
10:36 of 1st period - Jesse Ylonen is hit by Justin Holl and loses puck.
10:40 of 1st period - Nick Bonino is hit by Justin Holl and loses puck.
10:54 of 1st period - Minor Penalty to Justin Holl for Interference.
10:55 of 1st period - Colton Sissons wins face-off versus Brayden Schenn in ANAHEIM Ducks zone.
11:17 of 1st period - Minor Penalty to David Savard for Hooking.
11:17 of 1st period - Minor Penalty to Brayden Schenn for Charging.
11:18 of 1st period - Dakota Joshua wins face-off versus Jordan Staal in ANAHEIM Ducks zone.
12:09 of 1st period - Off-side.
12:10 of 1st period - Nicolas Roy wins face-off versus Lars Eller in neutral zone.
12:17 of 1st period - Shot by Nicolas Roy.
12:17 of 1st period - Shot Blocked by Caleb Jones.
12:21 of 1st period - Shot by Nick Bonino.
12:21 of 1st period - Goal by Nick Bonino - LOS ANGELES Kings : 2 - ANAHEIM Ducks : 0.
12:22 of 1st period - Nicolas Roy wins face-off versus Lars Eller in neutral zone.
12:27 of 1st period - Gustav Forsling is hit by Nicolas Roy and loses puck.
12:40 of 1st period - Shot by Daniel Sprong.
12:40 of 1st period - Shot Misses the Net.
13:40 of 1st period - Shot by Nick Bonino.
13:40 of 1st period - Shot Misses the Net.
13:42 of 1st period - Shot by Derek Forbort.
13:42 of 1st period - Shot Misses the Net.
13:44 of 1st period - Shot by Jordan Staal.
13:44 of 1st period - Shot Misses the Net.
13:50 of 1st period - Shot by Jordan Staal.
13:50 of 1st period - Stopped by Kaapo Kahkonen without a rebound.
13:51 of 1st period - Ryan Poehling wins face-off versus Colton Sissons in ANAHEIM Ducks zone.
13:51 of 1st period - Aaron Ekblad is hit by Jordan Oesterle and loses puck.
14:29 of 1st period - Jake Evans is hit by Aaron Ekblad and loses puck.
14:32 of 1st period - Shot by Jake Evans.
14:32 of 1st period - Stopped by Samuel Montembeault without a rebound.
14:33 of 1st period - Elias Lindholm wins face-off versus Jordan Staal in LOS ANGELES Kings zone.
14:44 of 1st period - Shot by Elias Lindholm.
14:44 of 1st period - Shot Misses the Net.
14:51 of 1st period - Icing by Nick Bonino.
14:52 of 1st period - Jordan Staal wins face-off versus Evan Rodrigues in LOS ANGELES Kings zone.
14:57 of 1st period - Shot by Adam Fox.
14:57 of 1st period - Stopped by Kaapo Kahkonen without a rebound.
14:58 of 1st period - Elias Lindholm wins face-off versus Nicolas Roy in ANAHEIM Ducks zone.
15:00 of 1st period - Andrew Mangiapane is hit by Nick Foligno.
15:13 of 1st period - Andrew Mangiapane is hit by Arber Xhekaj and loses puck.
15:27 of 1st period - Minor Penalty to Andrew Mangiapane for Slashing.
15:27 of 1st period - Minor Penalty to Derek Forbort for High sticking.
15:28 of 1st period - Dakota Joshua wins face-off versus Brayden Schenn in LOS ANGELES Kings zone.
15:39 of 1st period - Shot by Dakota Joshua.
15:39 of 1st period - Stopped by Samuel Montembeault without a rebound.
15:40 of 1st period - Brayden Schenn wins face-off versus Dakota Joshua in LOS ANGELES Kings zone.
16:08 of 1st period - Minor Penalty to Justin Holl for Tripping.
16:09 of 1st period - Lars Eller wins face-off versus Nicolas Roy in ANAHEIM Ducks zone.
16:21 of 1st period - Off-side.
16:22 of 1st period - Lars Eller wins face-off versus Brayden Schenn in neutral zone.
17:22 of 1st period - Shot by Nicolas Roy.
17:22 of 1st period - Stopped by Kaapo Kahkonen without a rebound.
17:23 of 1st period - Nicolas Roy wins face-off versus Lars Eller in ANAHEIM Ducks zone.
17:27 of 1st period - Minor Penalty to Caleb Jones for Hooking.
17:28 of 1st period - Lars Eller wins face-off versus Jordan Staal in ANAHEIM Ducks zone.
17:43 of 1st period - Shot by Brandon Montour.
17:43 of 1st period - Stopped by Kaapo Kahkonen with a rebound.
17:45 of 1st period - Shot by Chandler Stephenson.
17:45 of 1st period - Stopped by Kaapo Kahkonen with a rebound.
17:47 of 1st period - Shot by Chandler Stephenson.
17:47 of 1st period - Shot Blocked by Gustav Forsling.
17:55 of 1st period - Shot by Chandler Stephenson.
17:55 of 1st period - Shot Misses the Net.
17:57 of 1st period - Shot by Aaron Ekblad.
17:57 of 1st period - Shot Misses the Net.
17:59 of 1st period - Shot by Chandler Stephenson.
17:59 of 1st period - Shot Misses the Net.
18:01 of 1st period - Shot by Jordan Staal.
18:01 of 1st period - Stopped by Kaapo Kahkonen without a rebound.
18:02 of 1st period - Dakota Joshua wins face-off versus Brayden Schenn in ANAHEIM Ducks zone.
18:02 of 1st period - Dakota Joshua is hit by Jonathan Drouin.
18:20 of 1st period - Shot by Brayden Schenn.
18:20 of 1st period - Stopped by Kaapo Kahkonen without a rebound.
18:21 of 1st period - Jake Evans wins face-off versus Jordan Staal in ANAHEIM Ducks zone.
18:55 of 1st period - Shot by Nick Foligno.
18:55 of 1st period - Shot Misses the Net.
18:57 of 1st period - Shot by Jordan Staal.
18:57 of 1st period - Shot Misses the Net.
18:59 of 1st period - Shot by Brandon Montour.
18:59 of 1st period - Shot Misses the Net.
19:01 of 1st period - Shot by Nick Foligno.
19:01 of 1st period - Deflect By Chandler Stephenson.
19:01 of 1st period - Shot Misses the Net.
19:40 of 1st period - Derek Forbort is hit by David Savard and loses puck.
19:44 of 1st period - Icing by David Savard.
19:45 of 1st period - Brayden Schenn wins face-off versus Evan Rodrigues in ANAHEIM Ducks zone.
19:45 of 1st period - Brayden Schenn is hit by David Savard.
19:56 of 1st period - Evan Rodrigues is hit by Adam Fox and loses puck.
Goals for this period are 2 for LOS ANGELES Kings vs 0 for ANAHEIM Ducks .
Shots for this period are 12 for LOS ANGELES Kings vs 8 for ANAHEIM Ducks .

2nd period


0:01 of 2nd period - Nicolas Roy wins face-off versus Evan Rodrigues in neutral zone.
0:11 of 2nd period - Icing by Caleb Jones.
0:12 of 2nd period - Evan Rodrigues wins face-off versus Brayden Schenn in ANAHEIM Ducks zone.
2:30 of 2nd period - Icing by Jake Evans.
2:31 of 2nd period - Colton Sissons wins face-off versus Ryan Poehling in ANAHEIM Ducks zone.
2:31 of 2nd period - Jake Evans is hit by Zack Kassian and loses puck.
2:39 of 2nd period - Icing by Dylan Demelo.
2:40 of 2nd period - Brayden Schenn wins face-off versus Colton Sissons in ANAHEIM Ducks zone.
2:40 of 2nd period - Mats Zuccarello is hit by Dylan Demelo and loses puck.
2:51 of 2nd period - Shot by Mats Zuccarello.
2:51 of 2nd period - Shot Misses the Net.
3:24 of 2nd period - Shot by Adam Fox.
3:24 of 2nd period - Shot Misses the Net.
4:22 of 2nd period - Icing by Sonny Milano.
4:23 of 2nd period - Evan Rodrigues wins face-off versus Jordan Staal in ANAHEIM Ducks zone.
4:31 of 2nd period - Icing by Jesse Ylonen.
4:32 of 2nd period - Jordan Staal wins face-off versus Elias Lindholm in LOS ANGELES Kings zone.
4:34 of 2nd period - Jesse Ylonen is hit by Andrew Mangiapane and loses puck.
4:36 of 2nd period - Minor Penalty to Elias Lindholm for Hooking.
4:37 of 2nd period - Brayden Schenn wins face-off versus Colton Sissons in ANAHEIM Ducks zone.
5:09 of 2nd period - Off-side.
5:10 of 2nd period - Jordan Staal wins face-off versus Jake Evans in neutral zone.
5:12 of 2nd period - Chandler Stephenson is hit by Jake Evans and loses puck.
5:19 of 2nd period - Shot by Brandon Montour.
5:19 of 2nd period - Stopped by Kaapo Kahkonen without a rebound.
5:20 of 2nd period - Jordan Staal wins face-off versus Colton Sissons in ANAHEIM Ducks zone.
5:33 of 2nd period - Shot by Chandler Stephenson.
5:33 of 2nd period - Deflect By Jordan Staal.
5:33 of 2nd period - Shot Misses the Net.
5:35 of 2nd period - Shot by Jordan Staal.
5:35 of 2nd period - Goal by Jordan Staal - LOS ANGELES Kings : 3 - ANAHEIM Ducks : 0.
5:36 of 2nd period - Brayden Schenn wins face-off versus Evan Rodrigues in neutral zone.
5:36 of 2nd period - Thomas Chabot is hit by Ondrej Kase and loses puck.
5:56 of 2nd period - Off-side.
5:57 of 2nd period - Elias Lindholm wins face-off versus Nicolas Roy in neutral zone.
5:57 of 2nd period - Elias Lindholm is hit by Nick Foligno.
6:08 of 2nd period - Chandler Stephenson is hit by Justin Holl and loses puck.
6:37 of 2nd period - Shot by Chandler Stephenson.
6:37 of 2nd period - Shot Misses the Net.
6:39 of 2nd period - Shot by Brandon Montour.
6:39 of 2nd period - Stopped by Kaapo Kahkonen without a rebound.
6:40 of 2nd period - Evan Rodrigues wins face-off versus Brayden Schenn in ANAHEIM Ducks zone.
6:53 of 2nd period - Shot by Evan Rodrigues.
6:53 of 2nd period - Stopped by Samuel Montembeault without a rebound.
6:54 of 2nd period - Colton Sissons wins face-off versus Jesse Ylonen in LOS ANGELES Kings zone.
6:56 of 2nd period - Minor Penalty to Derek Forbort for Hooking.
6:57 of 2nd period - Elias Lindholm wins face-off versus Nick Bonino in LOS ANGELES Kings zone.
7:00 of 2nd period - Shot by Elias Lindholm.
7:00 of 2nd period - Stopped by Samuel Montembeault with a rebound.
7:02 of 2nd period - Shot by Evan Rodrigues.
7:02 of 2nd period - Stopped by Samuel Montembeault with a rebound.
7:06 of 2nd period - Shot by Elias Lindholm.
7:06 of 2nd period - Shot Misses the Net.
7:08 of 2nd period - Shot by Elias Lindholm.
7:08 of 2nd period - Stopped by Samuel Montembeault without a rebound.
7:09 of 2nd period - Colton Sissons wins face-off versus Nicolas Roy in LOS ANGELES Kings zone.
7:12 of 2nd period - Shot by Gustav Forsling.
7:12 of 2nd period - Goal by Gustav Forsling - LOS ANGELES Kings : 3 - ANAHEIM Ducks : 1.
7:13 of 2nd period - Brayden Schenn wins face-off versus Evan Rodrigues in neutral zone.
7:47 of 2nd period - Aaron Ekblad is hit by David Savard and loses puck.
8:44 of 2nd period - Icing by Adam Fox.
8:45 of 2nd period - Colton Sissons wins face-off versus Nicolas Roy in LOS ANGELES Kings zone.
8:47 of 2nd period - Alexis Lafreniere is hit by Brandon Montour.
8:55 of 2nd period - Shot by Alexis Lafreniere.
8:55 of 2nd period - Shot Misses the Net.
9:13 of 2nd period - Shot by Jesse Ylonen.
9:13 of 2nd period - Goal by Jesse Ylonen - LOS ANGELES Kings : 4 - ANAHEIM Ducks : 1.
9:14 of 2nd period - Elias Lindholm wins face-off versus Jordan Staal in neutral zone.
9:27 of 2nd period - Shot by Elias Lindholm.
9:27 of 2nd period - Shot Blocked by Nick Bonino.
9:29 of 2nd period - Shot by Elias Lindholm.
9:29 of 2nd period - Shot Blocked by Jesse Ylonen.
9:31 of 2nd period - Shot by Elias Lindholm.
9:31 of 2nd period - Shot Blocked by Nick Bonino.
9:33 of 2nd period - Shot by Elias Lindholm.
9:33 of 2nd period - Stopped by Samuel Montembeault without a rebound.
9:34 of 2nd period - Brayden Schenn wins face-off versus Sonny Milano in LOS ANGELES Kings zone.
9:34 of 2nd period - Brayden Schenn is hit by Evan Rodrigues.
9:51 of 2nd period - Ondrej Kase is hit by Derek Forbort and loses puck.
9:58 of 2nd period - Shot by Ondrej Kase.
9:58 of 2nd period - Shot Blocked by Arber Xhekaj.
10:36 of 2nd period - Shot by Andrew Mangiapane.
10:36 of 2nd period - Deflect By Elias Lindholm.
10:36 of 2nd period - Stopped by Samuel Montembeault with a rebound.
11:15 of 2nd period - Nick Foligno is hit by Andrew Mangiapane and loses puck.
11:23 of 2nd period - Aaron Ekblad is hit by Justin Holl.
11:34 of 2nd period - Minor Penalty to Nick Foligno for High sticking.
11:35 of 2nd period - Dakota Joshua wins face-off versus Nick Bonino in LOS ANGELES Kings zone.
11:45 of 2nd period - Dakota Joshua is hit by Aaron Ekblad and loses puck.
11:58 of 2nd period - Shot by Caleb Jones.
11:58 of 2nd period - Goal by Caleb Jones - LOS ANGELES Kings : 4 - ANAHEIM Ducks : 2.
11:59 of 2nd period - Colton Sissons wins face-off versus Ryan Poehling in neutral zone.
11:59 of 2nd period - Jordan Oesterle is hit by Zack Kassian and loses puck.
12:04 of 2nd period - Shot by Zack Kassian.
12:04 of 2nd period - Shot Blocked by Dylan Demelo.
12:06 of 2nd period - Shot by Zack Kassian.
12:06 of 2nd period - Shot Blocked by Dylan Demelo.
12:08 of 2nd period - Shot by Zack Kassian.
12:08 of 2nd period - Stopped by Kaapo Kahkonen without a rebound.
12:09 of 2nd period - Lukas Vejdemo wins face-off versus Jordan Staal in ANAHEIM Ducks zone.
12:09 of 2nd period - Lukas Vejdemo is hit by Jordan Staal.
12:39 of 2nd period - Shot by Nick Bonino.
12:39 of 2nd period - Shot Misses the Net.
12:41 of 2nd period - Shot by Brandon Montour.
12:41 of 2nd period - Shot Blocked by Dylan Demelo.
12:43 of 2nd period - Shot by Jordan Staal.
12:43 of 2nd period - Stopped by Kaapo Kahkonen without a rebound.
12:44 of 2nd period - Evan Rodrigues wins face-off versus Nicolas Roy in ANAHEIM Ducks zone.
12:50 of 2nd period - David Savard is hit by Thomas Chabot and loses puck.
13:07 of 2nd period - Shot by Sonny Milano.
13:07 of 2nd period - Deflect By Ondrej Kase.
13:07 of 2nd period - Shot Misses the Net.
13:09 of 2nd period - Shot by Ondrej Kase.
13:09 of 2nd period - Stopped by Samuel Montembeault without a rebound.
13:10 of 2nd period - Brayden Schenn wins face-off versus Colton Sissons in LOS ANGELES Kings zone.
13:10 of 2nd period - Brayden Schenn is hit by Colton Sissons.
13:13 of 2nd period - Minor Penalty to Colton Sissons for Hooking.
13:14 of 2nd period - Jake Evans wins face-off versus Brayden Schenn in ANAHEIM Ducks zone.
13:22 of 2nd period - Adam Fox is hit by David Savard and loses puck.
13:25 of 2nd period - Shot by Mats Zuccarello.
13:25 of 2nd period - Deflect By Brayden Schenn.
13:25 of 2nd period - Shot Misses the Net.
13:27 of 2nd period - Shot by Jonathan Drouin.
13:27 of 2nd period - Shot Misses the Net.
13:29 of 2nd period - Shot by Brayden Schenn.
13:29 of 2nd period - Shot Misses the Net.
13:57 of 2nd period - Shot by Adam Fox.
13:57 of 2nd period - Shot Misses the Net.
15:19 of 2nd period - Arber Xhekaj is hit by Dylan Demelo and loses puck.
15:23 of 2nd period - Minor Penalty to Zack Kassian for Holding.
15:24 of 2nd period - Nick Bonino wins face-off versus Elias Lindholm in LOS ANGELES Kings zone.
16:01 of 2nd period - Shot by Gustav Forsling.
16:01 of 2nd period - Stopped by Samuel Montembeault without a rebound.
16:02 of 2nd period - Nick Bonino wins face-off versus Colton Sissons in LOS ANGELES Kings zone.
16:25 of 2nd period - Shot by Ondrej Kase.
16:25 of 2nd period - Goal by Ondrej Kase - LOS ANGELES Kings : 4 - ANAHEIM Ducks : 3.
16:26 of 2nd period - Brayden Schenn wins face-off versus Dakota Joshua in neutral zone.
16:45 of 2nd period - Shot by Mats Zuccarello.
16:45 of 2nd period - Shot Blocked by Jordan Oesterle.
16:51 of 2nd period - Shot by Mats Zuccarello.
16:51 of 2nd period - Stopped by Kaapo Kahkonen with a rebound.
17:34 of 2nd period - Icing by David Savard.
17:35 of 2nd period - Jordan Staal wins face-off versus Evan Rodrigues in ANAHEIM Ducks zone.
17:38 of 2nd period - Shot by Jordan Staal.
17:38 of 2nd period - Stopped by Kaapo Kahkonen without a rebound.
17:39 of 2nd period - Evan Rodrigues wins face-off versus Jordan Staal in ANAHEIM Ducks zone.
17:54 of 2nd period - Shot by Evan Rodrigues.
17:54 of 2nd period - Stopped by Samuel Montembeault without a rebound.
17:55 of 2nd period - Nicolas Roy wins face-off versus Elias Lindholm in LOS ANGELES Kings zone.
18:37 of 2nd period - Off-side.
18:38 of 2nd period - Evan Rodrigues wins face-off versus Brayden Schenn in neutral zone.
19:00 of 2nd period - Shot by Evan Rodrigues.
19:00 of 2nd period - Shot Blocked by Thomas Chabot.
19:01 of 2nd period - Minor Penalty to Aaron Ekblad for Hooking.
19:02 of 2nd period - Nick Bonino wins face-off versus Elias Lindholm in LOS ANGELES Kings zone.
19:10 of 2nd period - Icing by Evan Rodrigues.
19:11 of 2nd period - Elias Lindholm wins face-off versus Nick Bonino in ANAHEIM Ducks zone.
19:11 of 2nd period - Elias Lindholm is hit by Nick Bonino.
19:42 of 2nd period - Shot by Elias Lindholm.
19:42 of 2nd period - Stopped by Samuel Montembeault without a rebound.
19:43 of 2nd period - Nick Bonino wins face-off versus Colton Sissons in LOS ANGELES Kings zone.
19:43 of 2nd period - Nick Bonino is hit by Colton Sissons.
Goals for this period are 2 for LOS ANGELES Kings vs 3 for ANAHEIM Ducks .
Shots for this period are 8 for LOS ANGELES Kings vs 13 for ANAHEIM Ducks .

3rd period


0:01 of 3rd period - Elias Lindholm wins face-off versus Nick Bonino in neutral zone.
0:11 of 3rd period - Elias Lindholm is hit by Arber Xhekaj and loses puck.
0:42 of 3rd period - Shot by Caleb Jones.
0:42 of 3rd period - Shot Misses the Net.
1:07 of 3rd period - Icing by Dylan Demelo.
1:08 of 3rd period - Brayden Schenn wins face-off versus Dakota Joshua in ANAHEIM Ducks zone.
1:11 of 3rd period - Shot by Mats Zuccarello.
1:11 of 3rd period - Stopped by Kaapo Kahkonen without a rebound.
1:12 of 3rd period - Dakota Joshua wins face-off versus Nicolas Roy in ANAHEIM Ducks zone.
1:38 of 3rd period - Icing by Arber Xhekaj.
1:39 of 3rd period - Elias Lindholm wins face-off versus Nicolas Roy in LOS ANGELES Kings zone.
2:00 of 3rd period - Shot by Elias Lindholm.
2:00 of 3rd period - Deflect By Daniel Sprong.
2:00 of 3rd period - Shot Misses the Net.
2:02 of 3rd period - Shot by Andrew Mangiapane.
2:02 of 3rd period - Stopped by Samuel Montembeault with a rebound.
2:04 of 3rd period - Shot by Elias Lindholm.
2:04 of 3rd period - Goal by Elias Lindholm - LOS ANGELES Kings : 4 - ANAHEIM Ducks : 4.
2:05 of 3rd period - Evan Rodrigues wins face-off versus Brayden Schenn in neutral zone.
2:07 of 3rd period - Off-side.
2:08 of 3rd period - Brayden Schenn wins face-off versus Sonny Milano in neutral zone.
2:32 of 3rd period - Minor Penalty to Brayden Schenn for Hooking.
2:33 of 3rd period - Elias Lindholm wins face-off versus Nick Bonino in LOS ANGELES Kings zone.
3:38 of 3rd period - Shot by Ondrej Kase.
3:38 of 3rd period - Shot Misses the Net.
3:42 of 3rd period - Shot by Ondrej Kase.
3:42 of 3rd period - Goal by Ondrej Kase - LOS ANGELES Kings : 4 - ANAHEIM Ducks : 5.
3:43 of 3rd period - Dakota Joshua wins face-off versus Brayden Schenn in neutral zone.
3:43 of 3rd period - Dylan Demelo is hit by Jonathan Drouin and loses puck.
3:52 of 3rd period - Shot by Jonathan Drouin.
3:52 of 3rd period - Shot Misses the Net.
3:54 of 3rd period - Shot by Mats Zuccarello.
3:54 of 3rd period - Stopped by Kaapo Kahkonen without a rebound.
3:55 of 3rd period - Ryan Poehling wins face-off versus Elias Lindholm in ANAHEIM Ducks zone.
3:55 of 3rd period - Ryan Poehling is hit by David Savard.
3:59 of 3rd period - Shot by Axel Jonsson Fjallby.
3:59 of 3rd period - Deflect By Ryan Poehling.
3:59 of 3rd period - Stopped by Kaapo Kahkonen without a rebound.
4:00 of 3rd period - Brayden Schenn wins face-off versus Colton Sissons in ANAHEIM Ducks zone.
4:13 of 3rd period - Shot by Jonathan Drouin.
4:13 of 3rd period - Stopped by Kaapo Kahkonen with a rebound.
4:23 of 3rd period - Shot by Colton Sissons.
4:23 of 3rd period - Deflect By Alexis Lafreniere.
4:23 of 3rd period - Stopped by Samuel Montembeault without a rebound.
4:24 of 3rd period - Evan Rodrigues wins face-off versus Nicolas Roy in LOS ANGELES Kings zone.
4:33 of 3rd period - Shot by Evan Rodrigues.
4:33 of 3rd period - Stopped by Samuel Montembeault with a rebound.
4:35 of 3rd period - Shot by Sonny Milano.
4:35 of 3rd period - Shot Blocked by Thomas Chabot.
4:50 of 3rd period - Icing by Thomas Chabot.
4:51 of 3rd period - Nicolas Roy wins face-off versus Colton Sissons in LOS ANGELES Kings zone.
5:00 of 3rd period - Shot by Alexis Lafreniere.
5:00 of 3rd period - Shot Blocked by Thomas Chabot.
5:02 of 3rd period - Shot by Caleb Jones.
5:02 of 3rd period - Stopped by Samuel Montembeault without a rebound.
5:03 of 3rd period - Elias Lindholm wins face-off versus Brayden Schenn in LOS ANGELES Kings zone.
5:32 of 3rd period - Shot by Elias Lindholm.
5:32 of 3rd period - Shot Blocked by Adam Fox.
5:34 of 3rd period - Shot by Elias Lindholm.
5:34 of 3rd period - Stopped by Samuel Montembeault with a rebound.
5:36 of 3rd period - Shot by David Savard.
5:36 of 3rd period - Stopped by Samuel Montembeault without a rebound.
5:37 of 3rd period - Nicolas Roy wins face-off versus Evan Rodrigues in LOS ANGELES Kings zone.
6:42 of 3rd period - Icing by Colton Sissons.
6:43 of 3rd period - Jordan Staal wins face-off versus Jake Evans in ANAHEIM Ducks zone.
6:57 of 3rd period - Minor Penalty to David Savard for High sticking.
6:58 of 3rd period - Brayden Schenn wins face-off versus Colton Sissons in ANAHEIM Ducks zone.
6:59 of 3rd period - Shot by Adam Fox.
6:59 of 3rd period - Shot Blocked by Dylan Demelo.
8:34 of 3rd period - Caleb Jones is hit by Brayden Schenn.
8:52 of 3rd period - Shot by Adam Fox.
8:52 of 3rd period - Shot Blocked by Caleb Jones.
8:54 of 3rd period - Shot by Brandon Montour.
8:54 of 3rd period - Shot Misses the Net.
9:01 of 3rd period - Icing by Dylan Demelo.
9:02 of 3rd period - Evan Rodrigues wins face-off versus Ryan Poehling in ANAHEIM Ducks zone.
9:18 of 3rd period - Ryan Poehling is hit by Dylan Demelo and loses puck.
11:05 of 3rd period - Shot by Brayden Schenn.
11:05 of 3rd period - Shot Blocked by David Savard.
11:13 of 3rd period - Shot by Brayden Schenn.
11:13 of 3rd period - Shot Blocked by Andrew Mangiapane.
11:21 of 3rd period - Shot by Mats Zuccarello.
11:21 of 3rd period - Goal by Mats Zuccarello - LOS ANGELES Kings : 5 - ANAHEIM Ducks : 5.
11:22 of 3rd period - Nicolas Roy wins face-off versus Evan Rodrigues in neutral zone.
12:09 of 3rd period - Icing by Ondrej Kase.
12:10 of 3rd period - Evan Rodrigues wins face-off versus Brayden Schenn in ANAHEIM Ducks zone.
12:14 of 3rd period - Icing by Ondrej Kase.
12:15 of 3rd period - Evan Rodrigues wins face-off versus Brayden Schenn in ANAHEIM Ducks zone.
12:15 of 3rd period - Evan Rodrigues is hit by Mats Zuccarello.
12:20 of 3rd period - Jordan Oesterle is hit by Aaron Ekblad and loses puck.
12:42 of 3rd period - Minor Penalty to Thomas Chabot for High sticking.
12:43 of 3rd period - Nick Bonino wins face-off versus Alexis Lafreniere in LOS ANGELES Kings zone.
13:34 of 3rd period - Alexis Lafreniere is hit by Nicolas Roy and loses puck.
14:11 of 3rd period - Shot by Caleb Jones.
14:11 of 3rd period - Shot Misses the Net.
15:03 of 3rd period - Mats Zuccarello is hit by Jordan Oesterle and loses puck.
15:05 of 3rd period - Minor Penalty to Dylan Demelo for Interference.
15:06 of 3rd period - Jake Evans wins face-off versus Brayden Schenn in ANAHEIM Ducks zone.
15:33 of 3rd period - Shot by Brayden Schenn.
15:33 of 3rd period - Stopped by Kaapo Kahkonen without a rebound.
15:34 of 3rd period - Jake Evans wins face-off versus Jordan Staal in ANAHEIM Ducks zone.
15:44 of 3rd period - Thomas Chabot is hit by Jake Evans and loses puck.
15:53 of 3rd period - Shot by Thomas Chabot.
15:53 of 3rd period - Stopped by Kaapo Kahkonen without a rebound.
15:54 of 3rd period - Brayden Schenn wins face-off versus Lars Eller in ANAHEIM Ducks zone.
16:03 of 3rd period - Shot by Mats Zuccarello.
16:03 of 3rd period - Shot Misses the Net.
16:05 of 3rd period - Shot by Mats Zuccarello.
16:05 of 3rd period - Deflect By Jonathan Drouin.
16:05 of 3rd period - Stopped by Kaapo Kahkonen without a rebound.
16:06 of 3rd period - Colton Sissons wins face-off versus Jordan Staal in ANAHEIM Ducks zone.
16:06 of 3rd period - Colton Sissons is hit by Jordan Staal.
16:18 of 3rd period - Jake Evans is hit by Nick Foligno and loses puck.
16:23 of 3rd period - Shot by Aaron Ekblad.
16:23 of 3rd period - Stopped by Kaapo Kahkonen without a rebound.
16:24 of 3rd period - Colton Sissons wins face-off versus Brayden Schenn in ANAHEIM Ducks zone.
16:34 of 3rd period - Thomas Chabot is hit by David Savard and loses puck.
16:37 of 3rd period - Shot by Adam Fox.
16:37 of 3rd period - Shot Misses the Net.
16:39 of 3rd period - Shot by Mats Zuccarello.
16:39 of 3rd period - Stopped by Kaapo Kahkonen without a rebound.
16:40 of 3rd period - Nick Foligno wins face-off versus Colton Sissons in ANAHEIM Ducks zone.
16:40 of 3rd period - Chandler Stephenson is hit by Gustav Forsling and loses puck.
17:01 of 3rd period - Shot by Adam Fox.
17:01 of 3rd period - Stopped by Kaapo Kahkonen without a rebound.
17:02 of 3rd period - Colton Sissons wins face-off versus Brayden Schenn in ANAHEIM Ducks zone.
17:18 of 3rd period - Minor Penalty to Zack Kassian for Holding.
17:19 of 3rd period - Elias Lindholm wins face-off versus Nick Bonino in LOS ANGELES Kings zone.
17:48 of 3rd period - Shot by Alexis Lafreniere.
17:48 of 3rd period - Deflect By Evan Rodrigues.
17:48 of 3rd period - Goal by Evan Rodrigues - LOS ANGELES Kings : 5 - ANAHEIM Ducks : 6.
17:49 of 3rd period - Dakota Joshua wins face-off versus Brayden Schenn in neutral zone.
18:18 of 3rd period - Shot by Brayden Schenn.
18:18 of 3rd period - Stopped by Kaapo Kahkonen without a rebound.
18:19 of 3rd period - Colton Sissons wins face-off versus Nicolas Roy in ANAHEIM Ducks zone.
19:30 of 3rd period - LOS ANGELES Kings , Samuel Montembeault is pulled from the net.
19:30 of 3rd period - Shot by Brayden Schenn.
19:30 of 3rd period - Shot Misses the Net.
19:32 of 3rd period - Shot by Mats Zuccarello.
19:32 of 3rd period - Shot Misses the Net.
19:34 of 3rd period - Shot by Brayden Schenn.
19:34 of 3rd period - Goal by Brayden Schenn - LOS ANGELES Kings : 6 - ANAHEIM Ducks : 6.
19:34 of 3rd period - Samuel Montembeault from LOS ANGELES Kings was sent back in the game.
19:35 of 3rd period - Evan Rodrigues wins face-off versus Ryan Poehling in neutral zone.
19:49 of 3rd period - Zack Kassian is hit by Dylan Demelo and loses puck.
19:52 of 3rd period - Shot by Axel Jonsson Fjallby.
19:52 of 3rd period - Shot Misses the Net.
19:54 of 3rd period - Shot by Ryan Poehling.
19:54 of 3rd period - Shot Misses the Net.
19:58 of 3rd period - Shot by Axel Jonsson Fjallby.
19:58 of 3rd period - Goal by Axel Jonsson Fjallby - LOS ANGELES Kings : 7 - ANAHEIM Ducks : 6.
19:59 of 3rd period - Elias Lindholm wins face-off versus Brayden Schenn in neutral zone.
Goals for this period are 3 for LOS ANGELES Kings vs 3 for ANAHEIM Ducks .
Shots for this period are 14 for LOS ANGELES Kings vs 9 for ANAHEIM Ducks .